 Dungeon Crawl Stone Soup version 0.25-a0-403-g49d089a364 (webtiles) character file.

Game seed: 2869679266096753042, levelgen mode: deterministic

55 ChaosChampion the Magician (level 3, -1/24 HPs)
             Began as a Demonspawn Wizard on Jan 9, 2020.
             Slain by Crazy Yiuf
             ... wielding a +3 quarterstaff of chaos
              (12 damage)
             ... on level 2 of the Dungeon.
             The game lasted 00:14:11 (2531 turns).

ChaosChampion the Magician (Demonspawn Wizard)      Turns: 2531, Time: 00:14:11

Health: -1/24      AC:  4    Str:  7    XL:     3   Next: 67%
Magic:  0/8        EV: 12    Int: 25    God:
Gold:   123        SH:  0    Dex: 11    Spells: 6/9 levels left

rFire    . . .     SeeInvis .   (no weapon)
rCold    . . .     Gourm    .   (no shield)
rNeg     . . .     Faith    .   a - +0 robe
rPois    .         Spirit   .   b - +1 hat
rElec    .         Reflect  .   (no cloak)
rCorr    .         Harm     .   d - +0 pair of gloves
MR       .....                  (no boots)
Stlth    ++........             (no amulet)
HPRegen  0.08/turn              e - -5 ring of slaying (curse)
MPRegen  0.11/turn              (no ring)

@: brilliant, flying
A: powered by pain 1, spiny 1
a: no special abilities


You were on level 2 of the Dungeon.
You were hungry.

You visited 1 branch of the dungeon, and saw 2 of its levels.

You collected 123 gold pieces.

Inventory:

Armour
 a - a +0 robe (worn)
 b - a +1 hat (worn)
 d - a +0 pair of gloves (worn)
Jewellery
 e - a cursed -5 ring of slaying (left hand)
Potions
 c - a potion of brilliance
 f - a potion of degeneration {unknown}
 g - 2 potions of flight
 j - a potion of curing {unknown}
 k - a potion of invisibility {unknown}
Comestibles
 i - a ration


   Skills:
 + Level 2.1 Dodging
 + Level 2.2 Stealth
 + Level 0.1 Unarmed Combat
 + Level 3.8 Spellcasting
 + Level 1.7 Conjurations
   Level 1.0 Summonings
 + Level 0.8 Translocations


You had 6 spell levels left.
You knew the following spells:

 Your Spells              Type           Power        Failure   Level  Hunger
a - Magic Dart            Conj           ####         1%          1    None
b - Blink                 Tloc           N/A          1%          2    #......

Your spell library contained the following spells:

 Spells                   Type           Power        Failure   Level  Hunger
 Call Imp                 Summ           ###.....     1%          2    #......
 Slow                     Hex            ###.....     1%          2    #......
 Conjure Flame            Conj/Fire      ###.....     2%          3    ##.....
 Mephitic Cloud           Conj/Pois/Air  ###.....     2%          3    ##.....


Dungeon Overview and Level Annotations

Branches:
Dungeon (2/15)

Altars:
Lugonu

Portals:
Abyss: D:1

Annotations:
D:2 Crazy Yiuf


Innate Abilities, Weirdness & Mutations

You sometimes gain a little power by taking damage.
You are partially covered in sharp spines.


Message History

Confirm with . or Enter, or press ? or * to list all spells.
You blink.
Crazy Yiuf says, "Ice toodlewoodle leg!"
As you read the scroll labeled MYTINO NIADEO, it crumbles to dust.
It is a scroll of identify.
g - 3 potions of flight
As you read the scroll labeled HUAVESH JORRUM, it crumbles to dust.
It is a scroll of amnesia.
Forget Conjure Flame, freeing 3 spell levels for a total of 6?
Your memory of Conjure Flame unravels.
You stop training Fire Magic.
Unknown command.
You feel very buoyant.
You fly up into the air.
It was a potion of brilliance.
You feel clever all of a sudden.
Crazy Yiuf hits you with a +3 quarterstaff of chaos.
Crazy Yiuf says, "Crazy?
Crazy!?
PORCUPINE!"
Crazy Yiuf hits you with a +3 quarterstaff of chaos!
Ouch! That really hurt!
You die...

.....# #.#
.#.#.#########.#
.....#.........#
...#...†##...##......
...#.....#.### ######
......†#.#.#
.....#...#.# #####
####.#.##### #)..#
#.#.....# #g@)#
#.###...# #.))#
#.......# ##'##
#####...# #.##
########...# ##.#
...........# #.##
########...# ##.#
#...# ##.## #...#
##...#


You could see Crazy Yiuf.

Vanquished Creatures
  An adder (D:2)
  2 leopard geckos
  5 bats
  5 giant cockroaches
  4 goblins
  7 hobgoblins
  2 jackals (D:1)
  3 kobolds (D:1)
  2 ball pythons
  2 frilled lizards
  8 rats (D:1)
41 creatures vanquished.

Notes
Turn   | Place    | Note
-------+----------+-------------------------------------------
     0 | D:1      | ChaosChampion the Demonspawn Wizard began the quest for the
                  | Orb.
     0 | D:1      | Reached XP level 1. HP: 13/13 MP: 4/4
   538 | D:1      | Found a one-way gate to the infinite horrors of the Abyss.
   538 | D:1      | Found a corrupted altar of Lugonu.
   538 | D:1      | Noticed a quasit
   538 | D:1      | Noticed a demonic crawler
   538 | D:1      | Noticed an iron imp
   538 | D:1      | Noticed an iron imp
   538 | D:1      | Noticed a demonic crawler
   538 | D:1      | Noticed a demonic crawler
   538 | D:1      | Noticed an iron imp
   539 | D:1      | Noticed a quasit
   545 | D:1      | Gained mutation: You sometimes gain a little power by
                  | taking damage. [demonic ancestry]
   545 | D:1      | Reached XP level 2. HP: 19/19 MP: 1/6
   585 | D:1      | Noticed a demonic crawler
  1524 | D:1      | Gained mutation: You are partially covered in sharp spines.
                  | [demonic ancestry]
  1524 | D:1      | Reached XP level 3. HP: 24/24 MP: 5/8
  1528 | D:1      | Learned a level 2 spell: Blink
  1532 | D:1      | Learned a level 3 spell: Conjure Flame
  2512 | D:2      | Found a runed translucent door.
  2513 | D:2      | Noticed Crazy Yiuf
  2531 | D:2      | Slain by Crazy Yiuf

Levels and vault maps discovered:
D:1:      erik_arrival_cave_to_civilisation [erik_arrival_cave_to_temple],
          layout_basic
D:2:      layout_basic, first_ration, uniq_terence, uniq_crazy_yiuf_cottage

Skill      XL: |  1  2 |
---------------+-------+-----
Dodging        | 2 |  2.1
Stealth        | 2 |  2.2
Unarmed Combat | |  0.1
Spellcasting   | |  3.8
Conjurations   | |  1.7
Summonings     | |  1.0
Translocations | |  0.8

Action                   || total
-------------------------++-------
Melee: Unarmed           ||    15
 Cast: Magic Dart        ||   104
       Conjure Flame     ||     5
       Blink             ||     1
  Use: Scroll            ||     4
       Potion            ||     2
  Eat: Ration            ||     1
       Chunk             ||     1
Armor: Robe              ||    16
Dodge: Dodged            ||    55

Table legend:
 A = Non-vault XP
 B = Vault XP
 C = Vault XP percentage of total XP
 D = Non-vault monster count
 E = Vault monster count
 F = Vault count percentage of total count
                 A         B        C        D         E       F
            +---------+---------+-------+---------+---------+-------
      Total |      76 |       3 |   3.8 |      39 |       2 |   4.9
            +---------+---------+-------+---------+---------+-------
        D:1 |      43 |       3 |   6.5 |      27 |       2 |   6.9
        D:2 |      33 |       0 |   0.0 |      12 |       0 |   0.0
            +---------+---------+-------+---------+---------+-------
